 Dungeon Crawl Stone Soup version 0.30-b1-2-g02819fbbbe (webtiles) character file.

Game seed: 7067329188344663558

3892 Alarkh the Skirmisher (level 10, 80/80 HPs)
             Began as a Demonspawn Hexslinger on July 9, 2023.
             Was a Follower of Uskayaw.
             Got out of the dungeon alive.
             The game lasted 00:14:17 (6616 turns).

Alarkh the Skirmisher (Demonspawn Hexslinger)       Turns: 6616, Time: 00:14:18

Health: 80/80      AC: 11    Str: 12    XL:     10   Next: 0%
Magic:  15/15      EV: 11    Int: 18    God:    Uskayaw [*.....]
Gold:   333        SH:  0    Dex: 13    Spells: 4/11 levels left

rFire   . . .        a - +0 shortbow
rCold   + . .        (shield currently unavailable)
rNeg    . . .        B - +3 ring mail
rPois   .            h - +2 helmet
rElec   .            (no cloak)
rCorr   .            (no gloves)
SInv    .            (no boots)
Will    .....        d - amulet of regeneration
Stlth   +            A - ring of flight
HPRegen 1.13/turn    E - ring of protection from cold
MPRegen 0.14/turn

%: no passive effects
@: flying
A: demonic guardian 1, ignite blood 1, sturdy frame 1, weakness stinger 2
a: Renounce Religion, Stomp


You escaped.
You worshipped Uskayaw.
Uskayaw was noncommittal.
You visited 2 branches of the dungeon, and saw 9 of its levels.

You collected 381 gold pieces.
You spent 48 gold pieces at shops.

Inventory:

Hand Weapons
 a - a +0 shortbow (weapon)
 b - a +4 long sword
 s - a +4 flail
 t - a +1 heavy sling
Missiles
 y - 6 atropa-tipped darts
Armour
 h - a +2 helmet (worn)
 B - a +3 ring mail (worn)
Magical Staves
 c - a staff of conjuration
 u - a staff of death
 w - a staff of air
Jewellery
 d - an amulet of regeneration (around neck)
 k - an amulet of the acrobat
 A - a ring of flight (left hand)
 E - a ring of protection from cold (right hand)
Wands
 e - a wand of mindburst (14)
 i - a wand of light (12)
 r - a wand of flame (19)
 D - a wand of polymorph (7)
Scrolls
 f - a scroll of enchant armour
 g - 3 scrolls of teleportation
 l - a scroll of fog {unknown}
 p - a scroll of enchant weapon {unknown}
 q - a scroll of immolation
 v - 2 scrolls of vulnerability
 x - a scroll of amnesia {unknown}
 C - a scroll of silence
Potions
 j - a potion of heal wounds
 m - 2 potions of flight
 n - a potion of curing
 o - a potion of brilliance
 z - a potion of haste
 F - a potion of ambrosia


   Skills:
 + Level 7.7 Fighting
 * Level 10.2 Ranged Weapons
 - Level 1.7 Dodging
 - Level 1.0 Spellcasting
 - Level 3.0 Hexes
 + Level 6.9 Invocations


You had 4 spell levels left.
You knew the following spells:

 Your Spells              Type           Power      Damage    Failure   Level
a - Slow                  Hex            44%        N/A       9%          1
b - Inner Flame           Hex/Fire       6%         N/A       43%         3
c - Portal Projectile     Hex/Tloc       12%        N/A       43%         3

Your spell library contained the following spells:

 Spells                   Type           Power      Damage    Failure   Level
 Ensorcelled Hibernation  Hex/Ice        12%        N/A       24%         2
 Spider Form              Tmut/Pois      0%         N/A       65%         3
 Vhi's Electric Charge    Tloc/Air       0%         N/A       65%         3
 Cause Fear               Hex            5%         N/A       65%         4
 Anguish                  Hex/Necr       3%         N/A       85%         4
 Arcjolt                  Conj/Air       0%         1d10      100%        5
 Plasma Beam              Fire/Air       0%         2x1d11    100%        6


Dungeon Overview and Level Annotations

Branches:
Dungeon (8/15)             Temple (1/1) D:6
   Lair: D:8-11

Altars:
Dithmenos
Fedhas
Gozag
Makhleb
Nemelex Xobeh
Okawaru
Qazlal
Ru
Sif Muna
Trog
Uskayaw
Wu Jian
Xom
Yredelemnul

Shops:
D:2 *

Annotations:
D:3 1 runed translucent door, Crazy Yiuf
D:6 2 transporters, diceflayer's ghost, novice DsHu
D:7 1 runed translucent door, craig's ghost, novice MiFi
D:8 6 transporters


Innate Abilities, Weirdness & Mutations

A weak demonic guardian rushes to your aid.
Your demonic aura sometimes causes spilled blood to erupt in flames.
Your movements are slightly less encumbered by armour. (ER -2)
You have a tail ending in a sharp stinger.


Message History

(D) Dungeon (T) Temple
Where to? (Enter - D:8, ? - help)
Okay, then.
(D) Dungeon (T) Temple
Where to? (Enter - D:8, ? - help)
What level of the Dungeon? (default 1, ? - help)
There is a stone staircase leading up here.
You fly upwards.
Level annotation: 1 runed translucent door, craig's ghost, novice MiFi
There is a stone staircase leading down here.
There is a stone staircase leading up, spattered with blood here.
You fly upwards.
Level annotation: 2 transporters, diceflayer's ghost, novice DsHu
There is a stone staircase leading down, spattered with blood here.
There is a stone staircase leading up, spattered with blood here.
You fly upwards.
There is a stone staircase leading down here.
You see here a +0 ring mail.
There is an open door here.
There is a stone staircase leading up here.
You fly upwards.
There is a stone staircase leading down here.
There is an open door here.
There is an open door here.
There is a stone staircase leading up here.
You fly upwards.
Level annotation: 1 runed translucent door, Crazy Yiuf
There is a stone staircase leading down here.
There is a stone staircase leading up here.
You fly upwards.
There is a stone staircase leading down here.
There is a stone staircase leading up here.
You fly upwards.
There is a stone staircase leading down here.
There is a large open door here.
There is a fountain of clear blue water here.
There is a large open door here.
There is a staircase leading out of the dungeon here.
Are you sure you want to leave the Dungeon?
This will make you lose the game!
You have escaped!

.....~~≈~~~~~≈~~≈~~~~~~~~≈~~...#
.....~≈≈≈≈≈≈≈≈≈≈≈≈≈≈~≈≈~≈~≈~...#
.....~≈≈≈≈≈≈≈≈≈≈≈≈≈≈≈≈≈≈≈≈≈~...#
##...~≈≈#'#+#≈≈≈≈≈≈≈#'#'#≈≈~...#
#....~≈≈'(..##'###'##..>'≈≈~...#
#....~≈≈'...#.......#...'≈≈≈...##
##...≈≈≈#'###.#####.#'#'#≈~≈.....
#...~≈≈≈≈'...#...#...#≈≈~≈......
##...~~≈≈≈#.###.@.'.⌠.'~≈~..⌠....
.....~≈≈≈≈#.###...'.⌠.'≈~≈..⌠....
.....~≈≈≈≈'...#...#...#≈≈≈~.....[
.....~≈≈#'###.#####.###+#≈~~.....
.....~≈≈'...+.......'...'≈≈~....#
.....~≈≈'...##+###'##...'≈≈~...##
.....≈≈≈#'#+#≈≈≈≈≈≈≈#'#'#≈≈~...##
.....~≈≈≈≈≈≈≈≈≈≈≈≈≈≈≈≈≈≈≈≈≈~(...#
....)~≈≈≈≈≈≈≈≈≈≈≈≈≈≈≈≈≈≈≈≈≈≈.....


There were no monsters in sight!

Vanquished Creatures
  A death yak (D:8)
  A steam dragon (D:8)
  A water moccasin (D:7)
  An orc warrior (D:6)
  A black bear (D:6)
  A sky beast (D:6)
  2 ogres
  3 centaurs
  2 kobold brigands
  4 bullfrogs
  4 scorpions
  8 wights
  5 killer bees
  2 howler monkeys (D:5)
  4 jellies
  5 hounds
  An orc priest (D:6)
  2 gnoll boudas
  2 sleepcaps
  Jessica (D:3)
  2 iguanas
  Natasha (thrice) (D:2)
  2 orc wizards
  Robin (D:3)
  5 adders
  13 gnolls
  2 shadow imps
  2 white imps
  5 worms
  3 dart slugs
  19 orcs
  4 ball pythons
  6 endoplasms
  4 giant cockroaches (D:1)
  17 goblins
  5 hobgoblins
  2 jackals (D:4)
  3 quokkas
  6 bats
  4 frilled lizards
  9 kobolds
  5 rats
173 creatures vanquished.

Vanquished Creatures (collateral kills)
  A bullfrog (D:6)
  An iguana (D:6)
  An orc wizard (D:8)
  An orc (D:8)
4 creatures vanquished.

Grand Total: 177 creatures vanquished

Notes
Turn   | Place    | Note
-------+----------+-------------------------------------------
     0 | D:1      | Alarkh the Demonspawn Hexslinger began the quest for the
                  | Orb.
     0 | D:1      | Reached XP level 1. HP: 15/15 MP: 2/2
   115 | D:1      | Reached skill level 2 in Ranged Weapons
   201 | D:1      | Gained mutation: You have a small tail. [demonic ancestry]
   201 | D:1      | Reached XP level 2. HP: 21/21 MP: 3/3
   309 | D:1      | Found a faded altar of an unknown god.
   632 | D:2      | Reached XP level 3. HP: 27/27 MP: 4/4
   656 | D:2      | Found Kap Murch's General Store.
   675 | D:2      | Bought a scroll of fear for 48 gold pieces
   695 | D:2      | Reached skill level 3 in Ranged Weapons
   797 | D:2      | Noticed Natasha
   808 | D:2      | Killed Natasha
   809 | D:2      | Gained mutation: A weak demonic guardian rushes to your
                  | aid. [demonic ancestry]
   809 | D:2      | Reached XP level 4. HP: 29/33 MP: 5/5
   927 | D:2      | Noticed Natasha
  1024 | D:2      | Killed Natasha
  1121 | D:2      | Found Kap Murch's General Store.
  1146 | D:2      | Noticed Natasha
  1158 | D:2      | Killed Natasha
  1187 | D:3      | Noticed Jessica
  1206 | D:3      | Killed Jessica
  1207 | D:3      | Reached skill level 4 in Ranged Weapons
  1207 | D:3      | Gained mutation: Your movements are slightly less
                  | encumbered by armour. (ER -2) [demonic ancestry]
  1207 | D:3      | Reached XP level 5. HP: 40/40 MP: 6/6
  1501 | D:3      | Noticed Robin
  1543 | D:3      | Killed Robin
  1641 | D:3      | Found a runed translucent door.
  1642 | D:3      | Noticed Crazy Yiuf
  1879 | D:3      | You fall into a shaft and drop 1 floor!
  1994 | D:4      | Reached XP level 6. HP: 38/47 MP: 7/7
  2145 | D:4      | Reached skill level 5 in Ranged Weapons
  2923 | D:5      | Entered Level 5 of the Dungeon
  3022 | D:5      | Found a hide-covered altar of Uskayaw.
  3046 | D:5      | Became a worshipper of Uskayaw the Reveller
  3079 | D:5      | Reached * piety under Uskayaw
  3083 | D:5      | Reached ** piety under Uskayaw
  3118 | D:5      | Reached *** piety under Uskayaw
  3122 | D:5      | Reached **** piety under Uskayaw
  3124 | D:5      | Gained mutation: You have a tail ending in a sharp stinger.
                  | [demonic ancestry]
  3124 | D:5      | Reached XP level 7. HP: 54/54 MP: 8/8
  3137 | D:5      | Reached skill level 6 in Ranged Weapons
  3480 | D:5      | Identified the +7 short sword "Coanebb" {flame, Fly rElec
                  | Will- Str+7}
  3496 | D:5      | Reached skill level 5 in Fighting
  3575 | D:5      | Reached skill level 7 in Ranged Weapons
  3581 | D:5      | Reached ***** piety under Uskayaw
  3582 | D:5      | Reached XP level 8. HP: 59/62 MP: 9/9
  3843 | D:5      | Reached skill level 1 in Invocations
  3897 | D:5      | Learned a level 3 spell: Inner Flame
  3901 | D:5      | Learned a level 3 spell: Portal Projectile
  4102 | D:6      | Found a staircase to the Ecumenical Temple.
  4107 | D:6      | Reached skill level 8 in Ranged Weapons
  4228 | Temple   | Entered the Ecumenical Temple
  4228 | Temple   | Found a transporter.
  4228 | Temple   | Found a transporter.
  4230 | Temple   | Found a transporter.
  4230 | Temple   | Found a transporter.
  4323 | D:6      | Found a transporter.
  4323 | D:6      | Found a transporter.
  4327 | D:6      | Noticed diceflayer's ghost (novice DsHu)
  4369 | D:6      | Noticed a queen bee
  4540 | D:6      | Reached XP level 9. HP: 61/71 MP: 12/12
  5118 | D:6      | Reached skill level 9 in Ranged Weapons
  5187 | D:6      | Reached skill level 5 in Invocations
  5604 | D:8      | HP: 3/72 [poisoned by a killer bee]
  5773 | D:7      | Found a runed translucent door.
  6017 | D:7      | Noticed craig's ghost (novice MiFi)
  6142 | D:8      | Found a transporter.
  6143 | D:8      | Found a transporter.
  6331 | D:8      | Found a transporter.
  6347 | D:8      | Found a transporter.
  6351 | D:8      | Found a transporter.
  6373 | D:8      | Noticed a death yak
  6401 | D:8      | Killed a death yak
  6402 | D:8      | Reached skill level 10 in Ranged Weapons
  6402 | D:8      | Gained mutation: Your demonic aura sometimes causes spilled
                  | blood to erupt in flames. [demonic ancestry]
  6402 | D:8      | Reached XP level 10. HP: 80/80 MP: 13/15
  6425 | D:8      | Found a transporter.
  6616 | D:$      | Got out of the dungeon alive.

Illustrated notes

Levels and vault maps discovered:
D:1:      dpeg_arrival_castle, layout_rooms,
          shapermc_ecumenical_altar_notcrosses
D:2:      layout_rooms, serial_shops, shop, uniq_natasha
D:3:      layout_loops_ring, serial_bayou_crossing, uniq_crazy_yiuf_cottage,
          uniq_jessica, uniq_robin
D:4:      layout_gridville
D:5:      minmay_octagon_keep, layout_basic, mainiacjoe_overflow_catwalk,
          uniq_pikel
D:6:      layout_loops_ring, minmay_temple_entry_slanted, gammafunk_ghost_hive,
          kennysheep_generic_room_16
D:7:      layout_cave_pools, ebering_ghost_reflecting_pool, st_stairs_4
D:8:      layout_rooms, dpeg_lair_monsters, serial_nicolae_subway,
          nicolae_sub_station_stone, nicolae_sub_station_crystal,
          nicolae_sub_station_metal
Temple:   hellmonk_temple_divided_pantheon

Skill      XL: |  1  2  3  4  5  6  7  8  9 |
---------------+----------------------------+-----
Ranged Weapons | 2 3 4 5 7 8 10 | 10.2
Fighting       | 2 3 4 5 6 7 |  7.7
Invocations    | 4 6 |  6.9
Dodging        | |  1.7
Spellcasting   | |  1.0
Hexes          | |  3.0

Action                     |  1- 3 |  4- 6 |  7- 9 | 10-12 || total
---------------------------+-------+-------+-------+-------++-------
  Melee: Sling             |       |     2 |       |       ||     2
         Flail             |       |       |    16 |       ||    16
         Tailslap          |       |       |     1 |       ||     1
         Shortbow          |       |       |     4 |       ||     4
         Long sword        |       |       |     3 |       ||     3
   Fire: Sling             |   125 |   205 |    34 |       ||   364
         Shortbow          |       |       |   520 |       ||   520
  Throw: Dart              |       |       |     1 |       ||     1
 Invoke: Line Pass         |       |       |     1 |       ||     1
  Evoke: Wand              |       |       |     4 |       ||     4
    Use: Potion            |     1 |       |     3 |       ||     4
         Scroll            |       |     8 |    10 |       ||    18
   Stab: Paralysed         |       |       |     1 |       ||     1
 Armour: Robe              |    15 |     9 |       |       ||    24
         Ring mail         |       |    52 |   246 |       ||   298
         Skin              |       |       |    10 |       ||    10
  Dodge: Dodged            |    48 |    61 |   372 |       ||   481
